NYP
ROME BRAVES @ MILWAUKEE (NYP) BREWERS
07/15/2044
 
TOP OF THE 1ST
Rome Braves batting - Pitching for Milwaukee (NYP) Brewers : RHP Zach Green
Pitching: RHP Zach Green
Batting: LHB Javier Rubio 0-0: Ball
1-0: Ball
2-0: Swinging Strike
2-1: SINGLE (Line Drive, 7S, EV 93.1 MPH)
Batting: RHB Alex Velasquez 0-0: Called Strike
0-1: Ball
1-1: Ball
2-1: Foul Ball, location: 2F
2-2: Ball
3-2: Foul Ball, location: 2F
3-2: Fielders Choice at 2nd, 3-6 (Groundball, 3, EV 82.5 MPH)
Batting: RHB Ike Trout 0-0: Called Strike
0-1: Ball
Alex Velasquez steals 2nd base (no throw)
1-1: Foul Ball, location: 2F
1-2: Ball
Wild Pitch!
Alex Velasquez to third
2-2: SINGLE (Groundball, 34D, EV 96.9 MPH)
Alex Velasquez scores
Batting: RHB Jose Ramos 0-0: Foul Ball, location: 2F
0-1: Foul Ball, location: 2F
0-2: Ball
1-2: Strikes out looking
Batting: RHB Brandon Burrell 0-0: Called Strike
Ike Trout is caught stealing 2nd base 2-4
Top of the 1st over - 1 run, 2 hits, 0 errors, 0 left on base; Rome 1 - Milwaukee (NYP) 0
BOTTOM OF THE 1ST
Milwaukee (NYP) Brewers batting - Pitching for Rome Braves : LHP Juan Ramirez
Pitching: LHP Juan Ramirez
Batting: RHB Brian Landrum 0-0: Ball
1-0: Ball
2-0: Ball
3-0: Called Strike
3-1: Foul Ball, location: 2F
3-2: Foul Ball, location: 2F
3-2: Base on Balls
Batting: SHB Mitchell Greene 0-0: Called Strike
0-1: SINGLE (Line Drive, 4D, EV 108.1 MPH)
Brian Landrum to second
Batting: RHB Steve Byerly 0-0: Ball
1-0: Ball
2-0: Reached on error, E4 (Groundball, 34, EV 89.4 MPH)
Brian Landrum to third
Mitchell Greene to second
Batting: LHB Alfredo de la Cruz 0-0: SINGLE (Groundball, 6M, EV 78.1 MPH) (infield hit)
Brian Landrum scores
Mitchell Greene to third
Steve Byerly to second
Batting: RHB Skyler Goss 0-0: Called Strike
0-1: Ball
1-1: DOUBLE (Line Drive, 9LS, EV 106.3 MPH)
Mitchell Greene scores
Steve Byerly scores
Alfredo de la Cruz to third
Batting: LHB Paul Collins 0-0: Ball
1-0: Foul Ball, location: 2F
1-1: Ground out U3 (Groundball, 3, EV 81.9 MPH)
Batting: RHB Vinny Estrada 0-0: Ball
1-0: Ball
2-0: Foul Ball, location: 2F
2-1: Ball
3-1: Foul Ball, location: 2F
3-2: Ground out 6-3 (Groundball, 6S, EV 89.4 MPH)
Alfredo de la Cruz scores
Batting: LHB Aaron Mobley 0-0: SINGLE (Line Drive, 56, EV 98.1 MPH)
Skyler Goss to third
Throwing error, E7
Skyler Goss scores
Aaron Mobley to second
Batting: RHB Derek Halliwill 0-0: SINGLE (Groundball, 25, EV 67.5 MPH) (infield hit)
Aaron Mobley to third
Batting: RHB Brian Landrum 0-0: Ball
1-0: Ball
2-0: Ball
3-0: Base on Balls
Derek Halliwill to second
Batting: SHB Mitchell Greene 0-0: Called Strike
0-1: Ball
1-1: Foul Ball, location: 2F
1-2: Ball
2-2: Foul Ball, location: 2F
2-2: Foul Ball, location: 2F
2-2: Ball
3-2: Base on Balls
Aaron Mobley scores
Derek Halliwill to third
Brian Landrum to second
Pitching: RHP Marvin Rosas
Batting: RHB Steve Byerly 0-0: Foul Ball, location: 2F
0-1: Swinging Strike
0-2: Foul Ball, location: 2F
0-2: Foul Ball, location: 2F
0-2: DOUBLE (Line Drive, 9LM, EV 106.3 MPH)
Derek Halliwill scores
Brian Landrum scores
Mitchell Greene to third
Runner from 3rd tries for Home, SAFE, throw by RF to home
Batting: LHB Alfredo de la Cruz 0-0: Ball
1-0: Foul Ball, location: 2F
1-1: Ground out 5-3 (Groundball, 56, EV 90.0 MPH)
Bottom of the 1st over - 9 runs, 6 hits, 2 errors, 1 left on base; Rome 1 - Milwaukee (NYP) 9
TOP OF THE 2ND
Rome Braves batting - Pitching for Milwaukee (NYP) Brewers : RHP Zach Green
Batting: RHB Brandon Burrell 0-0: Ball
1-0: Ball
2-0: Called Strike
2-1: Fly out, F8 (Line Drive, 8LD, EV 103.8 MPH)
Batting: RHB Tim Molchan 0-0: Foul Ball, location: 2F
0-1: Swinging Strike
0-2: Ball
1-2: Ball
2-2: Ground out 3-1 (Groundball, 34, EV 81.3 MPH)
Batting: LHB Joe Phillips 0-0: Ball
1-0: Ball
2-0: Ball
3-0: Called Strike
3-1: Called Strike
3-2: Strikes out swinging
Top of the 2nd over - 0 runs, 0 hits, 0 errors, 0 left on base; Rome 1 - Milwaukee (NYP) 9
BOTTOM OF THE 2ND
Milwaukee (NYP) Brewers batting - Pitching for Rome Braves : RHP Marvin Rosas
Batting: RHB Skyler Goss 0-0: Foul Ball, location: 2F
0-1: Called Strike
0-2: Ball
1-2: Foul Ball, location: 2F
1-2: Ball
2-2: Ball
3-2: Base on Balls
Batting: LHB Paul Collins 0-0: Called Strike
0-1: Ball
1-1: Fielders Choice at 2nd, 5-4 (Groundball, 56, EV 97.5 MPH)
Batting: RHB Vinny Estrada 0-0: Called Strike
0-1: Ball
1-1: Swinging Strike
1-2: Grounds into double play, 1-6-3 (Groundball, 13, EV 66.9 MPH)
Bottom of the 2nd over - 0 runs, 0 hits, 0 errors, 0 left on base; Rome 1 - Milwaukee (NYP) 9
TOP OF THE 3RD
Rome Braves batting - Pitching for Milwaukee (NYP) Brewers : RHP Zach Green
Batting: LHB Malik Boulay 0-0: Ball
1-0: Ball
2-0: Fly out, F2 (Popup, 25F, EV 85.0 MPH)
Batting: RHB Adrian Billups 0-0: Swinging Strike
0-1: Foul Ball, location: 2F
0-2: Strikes out looking
Batting: LHB Javier Rubio 0-0: Ball
1-0: Ground out U3 (Groundball, 3, EV 90.0 MPH)
Top of the 3rd over - 0 runs, 0 hits, 0 errors, 0 left on base; Rome 1 - Milwaukee (NYP) 9
BOTTOM OF THE 3RD
Milwaukee (NYP) Brewers batting - Pitching for Rome Braves : RHP Marvin Rosas
Batting: LHB Aaron Mobley 0-0: Ball
1-0: Ground out 3-1 (Groundball, 34, EV 82.5 MPH)
Batting: RHB Derek Halliwill 0-0: Ball
1-0: Called Strike
1-1: Ball
2-1: Foul Ball, location: 2F
2-2: Ball
3-2: Foul Ball, location: 2F
3-2: Strikes out looking
Batting: RHB Brian Landrum 0-0: Swinging Strike
0-1: Ball
1-1: Ball
2-1: Foul Ball, location: 2F
2-2: Strikes out swinging
Bottom of the 3rd over - 0 runs, 0 hits, 0 errors, 0 left on base; Rome 1 - Milwaukee (NYP) 9
TOP OF THE 4TH
Rome Braves batting - Pitching for Milwaukee (NYP) Brewers : RHP Zach Green
Batting: RHB Alex Velasquez 0-0: Called Strike
0-1: Ball
1-1: Ball
2-1: Ground out 4-3 (Groundball, 4, EV 108.8 MPH)
Batting: RHB Ike Trout 0-0: Foul Ball, location: 2F
0-1: Ball
1-1: Ball
2-1: Foul Ball, location: 2F
2-2: Foul Ball, location: 2F
2-2: Ground out 5-3 (Groundball, 56, EV 104.4 MPH)
Batting: RHB Jose Ramos 0-0: Ball
1-0: SINGLE (Line Drive, 7LM, EV 96.9 MPH)
Batting: RHB Brandon Burrell 0-0: Called Strike
0-1: Called Strike
0-2: Foul Ball, location: 2F
0-2: DOUBLE (Line Drive, 89D, EV 108.1 MPH)
Jose Ramos to third
Batting: RHB Tim Molchan 0-0: Ball
1-0: Foul Ball, location: 2F
1-1: Ball
2-1: Called Strike
2-2: Foul Ball, location: 2F
2-2: Strikes out swinging
Top of the 4th over - 0 runs, 2 hits, 0 errors, 2 left on base; Rome 1 - Milwaukee (NYP) 9
BOTTOM OF THE 4TH
Milwaukee (NYP) Brewers batting - Pitching for Rome Braves : RHP Marvin Rosas
Batting: SHB Mitchell Greene 0-0: Called Strike
0-1: Ball
1-1: SINGLE (Line Drive, 78M, EV 105.6 MPH)
Batting: RHB Steve Byerly 0-0: SINGLE (Line Drive, 8RM, EV 93.8 MPH)
Mitchell Greene to second
Batting: LHB Alfredo de la Cruz 0-0: Ball
1-0: Foul Ball, location: 2F
1-1: Ball
2-1: Fielders Choice at 2nd, 3-6 (Groundball, 3, EV 80.6 MPH)
Mitchell Greene to third
Pitching: RHP Dan Spahn
Batting: RHB Skyler Goss 0-0: Called Strike
Alfredo de la Cruz steals 2nd base
0-1: Ball
1-1: Called Strike
1-2: Foul Ball, location: 2F
1-2: SINGLE (Groundball, 34D, EV 98.1 MPH)
Mitchell Greene scores
Alfredo de la Cruz to third
Batting: LHB Paul Collins 0-0: Ball
1-0: Foul Ball, location: 2F
1-1: Ball
2-1: Foul Ball, location: 2F
2-2: Ball
3-2: Strikes out swinging
Batting: RHB Vinny Estrada Pickoff Throw to First - Out! 1-3
Bottom of the 4th over - 1 run, 3 hits, 0 errors, 1 left on base; Rome 1 - Milwaukee (NYP) 10
TOP OF THE 5TH
Rome Braves batting - Pitching for Milwaukee (NYP) Brewers : RHP Zach Green
Batting: LHB Joe Phillips 0-0: Ball
1-0: Foul Ball, location: 2F
1-1: Ground out U3 (Groundball, 3, EV 102.5 MPH)
Batting: LHB Malik Boulay 0-0: Ball
1-0: Foul Ball, location: 2F
1-1: Called Strike
1-2: Strikes out looking
Batting: RHB Adrian Billups 0-0: Ball
1-0: Ground out 5-3 (Groundball, 56, EV 106.9 MPH)
Top of the 5th over - 0 runs, 0 hits, 0 errors, 0 left on base; Rome 1 - Milwaukee (NYP) 10
BOTTOM OF THE 5TH
Milwaukee (NYP) Brewers batting - Pitching for Rome Braves : RHP Dan Spahn
Batting: RHB Vinny Estrada 0-0: Called Strike
0-1: Fly out, F9 (Flyball, 9D, EV 86.3 MPH)
Batting: LHB Aaron Mobley 0-0: Ball
1-0: Called Strike
1-1: Fly out, F8 (Flyball, 8RXD, EV 83.8 MPH)
Batting: RHB Derek Halliwill 0-0: Foul Ball, location: 2F
0-1: Foul Ball, location: 2F
0-2: Ball
1-2: Ball
2-2: Foul Ball, location: 2F
2-2: Foul Ball, location: 2F
2-2: Ball
3-2: Strikes out looking
Bottom of the 5th over - 0 runs, 0 hits, 0 errors, 0 left on base; Rome 1 - Milwaukee (NYP) 10
TOP OF THE 6TH
Rome Braves batting - Pitching for Milwaukee (NYP) Brewers : RHP Zach Green
Pitching: RHP Justin Orr
Batting: LHB Javier Rubio 0-0: Ball
1-0: Foul Ball, location: 2F
1-1: Fly out, F9 (Flyball, 9S, EV 94.4 MPH)
Batting: RHB Alex Velasquez 0-0: Swinging Strike
0-1: Swinging Strike
0-2: Strikes out looking
Batting: RHB Ike Trout 0-0: Ball
1-0: Called Strike
1-1: Ball
2-1: Foul Ball, location: 2F
2-2: Foul Ball, location: 2F
2-2: Foul Ball, location: 2F
2-2: Hit by Pitch
Batting: RHB Jose Ramos 0-0: Called Strike
Ike Trout steals 2nd base (no throw)
0-1: Ball
1-1: Ball
2-1: Ball
3-1: Base on Balls
Batting: RHB Brandon Burrell 0-0: Called Strike
0-1: Foul Ball, location: 2F
0-2: Ball
1-2: Ball
2-2: Fielders Choice at 2nd, 5-4 (Groundball, 56, EV 93.8 MPH)
Top of the 6th over - 0 runs, 0 hits, 0 errors, 2 left on base; Rome 1 - Milwaukee (NYP) 10
BOTTOM OF THE 6TH
Milwaukee (NYP) Brewers batting - Pitching for Rome Braves : RHP Dan Spahn
Pitching: RHP Omar Orosco
Batting: RHB Brian Landrum 0-0: Ground out 6-3 (Groundball, 6, EV 82.5 MPH)
Batting: SHB Mitchell Greene 0-0: Ball
1-0: Foul Ball, location: 2F
1-1: Swinging Strike
1-2: Foul Ball, location: 2F
1-2: Foul Ball, location: 2F
1-2: Strikes out swinging
Batting: RHB Steve Byerly 0-0: Ball
1-0: Swinging Strike
1-1: Ball
2-1: Ball
3-1: Base on Balls
Batting: LHB Alfredo de la Cruz 0-0: Called Strike
0-1: Swinging Strike
0-2: Foul Ball, location: 2F
0-2: Ball
1-2: Strikes out looking
Bottom of the 6th over - 0 runs, 0 hits, 0 errors, 1 left on base; Rome 1 - Milwaukee (NYP) 10
TOP OF THE 7TH
Rome Braves batting - Pitching for Milwaukee (NYP) Brewers : RHP Justin Orr
Now in LF: Alfredo de la Cruz
Now in RF: Bryant Thies
Batting: RHB Tim Molchan 0-0: Fly out, F8 (Flyball, 8RD, EV 98.1 MPH)
Batting: LHB Joe Phillips 0-0: Ball
1-0: DOUBLE (Groundball, 3L, EV 104.4 MPH)
Batting: LHB Malik Boulay 0-0: Called Strike
0-1: Ball
1-1: Ball
2-1: Ball
3-1: Base on Balls
Pitching: RHP Odmar van de Vijver
Batting: RHB Adrian Billups 0-0: Fielders Choice at 2nd, 4-6 (Groundball, 4, EV 90.0 MPH)
Joe Phillips to third
Batting: LHB Javier Rubio 0-0: Foul Ball, location: 2F
0-1: Fielders Choice at 2nd, 6-4 (Groundball, 6, EV 101.3 MPH)
Top of the 7th over - 0 runs, 1 hit, 0 errors, 2 left on base; Rome 1 - Milwaukee (NYP) 10
BOTTOM OF THE 7TH
Milwaukee (NYP) Brewers batting - Pitching for Rome Braves : RHP Omar Orosco
Batting: RHB Skyler Goss 0-0: Ball
1-0: Ground out 6-3 (Groundball, 6, EV 83.1 MPH)
Pinch Hitting: RHB Matt Granger 0-0: TRIPLE (Flyball, 89XD, EV 100.0 MPH)
Batting: RHB Vinny Estrada 0-0: Ball
1-0: Fly out, F8 (Line Drive, 8LM, EV 93.1 MPH)
Batting: LHB Aaron Mobley 0-0: Ball
1-0: Called Strike
1-1: Ball
2-1: Foul Ball, location: 2F
2-2: Foul Ball, location: 2F
2-2: Ball
3-2: Ground out 3-1 (Groundball, 34, EV 83.8 MPH)
Bottom of the 7th over - 0 runs, 1 hit, 0 errors, 1 left on base; Rome 1 - Milwaukee (NYP) 10
TOP OF THE 8TH
Rome Braves batting - Pitching for Milwaukee (NYP) Brewers : RHP Odmar van de Vijver
Now in RF: Bobby McCann
Batting: RHB Alex Velasquez 0-0: Hit by Pitch
Batting: RHB Ike Trout 0-0: Swinging Strike
0-1: Swinging Strike
0-2: Ball
1-2: Strikes out swinging
Batting: RHB Jose Ramos 0-0: Foul Ball, location: 2F
0-1: Called Strike
0-2: Strikes out swinging
Batting: RHB Brandon Burrell 0-0: Called Strike
0-1: Called Strike
0-2: Strikes out swinging
Top of the 8th over - 0 runs, 0 hits, 0 errors, 1 left on base; Rome 1 - Milwaukee (NYP) 10
BOTTOM OF THE 8TH
Milwaukee (NYP) Brewers batting - Pitching for Rome Braves : RHP Omar Orosco
Batting: RHB Derek Halliwill 0-0: Ground out 6-3 (Groundball, P, EV 92.5 MPH)
Batting: RHB Brian Landrum 0-0: Swinging Strike
0-1: Foul Ball, location: 2F
0-2: Ground out 5-3 (Groundball, 56S, EV 63.1 MPH)
Batting: SHB Mitchell Greene 0-0: Called Strike
0-1: Ball
1-1: Ball
2-1: Ball
3-1: Foul Ball, location: 2F
3-2: Strikes out looking
Bottom of the 8th over - 0 runs, 0 hits, 0 errors, 0 left on base; Rome 1 - Milwaukee (NYP) 10
TOP OF THE 9TH
Rome Braves batting - Pitching for Milwaukee (NYP) Brewers : RHP Odmar van de Vijver
Batting: RHB Tim Molchan 0-0: Ball
1-0: Ball
2-0: Ball
3-0: Base on Balls
Batting: LHB Joe Phillips 0-0: Called Strike
0-1: Foul Ball, location: 2F
0-2: Ball
1-2: Ball
2-2: Fly out, F3 (Line Drive, 3, EV 69.4 MPH)
Batting: LHB Malik Boulay 0-0: Ball
1-0: Foul Ball, location: 2F
1-1: Ball
2-1: Called Strike
2-2: Strikes out swinging
Pinch Hitting: LHB Mike Tenorio 0-0: Called Strike
0-1: Ball
1-1: Swinging Strike
1-2: Ball
2-2: Ball
3-2: Foul Ball, location: 2F
3-2: SINGLE (Groundball, 56D, EV 103.8 MPH)
Tim Molchan to second
Tim Molchan to third
Batting: LHB Javier Rubio 0-0: Ball
1-0: Foul Ball, location: 2F
1-1: Called Strike
1-2: Foul Ball, location: 2F
1-2: Strikes out swinging
Top of the 9th over - 0 runs, 1 hit, 0 errors, 2 left on base; Rome 1 - Milwaukee (NYP) 10
Thursday, March 31st , 2022 - OOTP Baseball 22.12 Build 89